 Dungeon Crawl Stone Soup version 0.27-a0-1202-ge72e49191c (webtiles) character file.

Game seed: 4551087561611859162

26 bilbop the Covered (level 2, -3/27 HPs)
             Began as a Minotaur Fighter on June 4, 2021.
             Slain by Natasha (7 damage)
             ... on level 2 of the Dungeon.
             The game lasted 00:03:40 (1113 turns).

bilbop the Covered (Minotaur Fighter)               Turns: 1113, Time: 00:03:40

Health: -3/27      AC: 10    Str: 20    XL:     2   Next: 89%
Magic:  1/1        EV:  5    Int:  5    God:
Gold:   49         SH:  9    Dex:  9    Spells: 1/1 levels left

rFire    . . .     SeeInvis .   a - +0 flail
rCold    . . .     Faith    .   c - +0 kite shield
rNeg     . . .     Spirit   .   j - +0 chain mail
rPois    .         Reflect  .   g - +1 hat
rElec    .         Harm     .   (no cloak)
rCorr    .         Rampage  .   (no gloves)
Will     .....                  (no boots)
Stlth    ..........             (no amulet)
HPRegen  0.09/turn              (no ring)
MPRegen  0.07/turn              (no ring)

@: no status effects
A: horns 2, retaliatory headbutt
a: no special abilities


You were on level 2 of the Dungeon.
You visited 1 branch of the dungeon, and saw 2 of its levels.

You collected 49 gold pieces.

Inventory:

Hand Weapons
 a - a +0 flail (weapon)
Armour
 b - a +0 scale mail
 c - a +0 kite shield (worn)
 g - a +1 hat (worn)
 j - a +0 chain mail (worn)
Scrolls
 e - a scroll of vulnerability {unknown}
 h - a scroll of silence {unknown}
 k - a scroll of identify {unknown}
Potions
 d - a potion of might
 f - a potion of ambrosia {unknown}
 i - a potion of mutation {unknown}


   Skills:
 + Level 3.9 Fighting
 * Level 3.2 Maces & Flails
 + Level 4.0 Armour
 + Level 3.9 Shields


You had one spell level left.
You didn't know any spells.
Your spell library was empty.

Dungeon Overview and Level Annotations

Branches:
Dungeon (2/15)

Altars:

Annotations:
D:2 Natasha


Innate Abilities, Weirdness & Mutations

You have a pair of horns on your head.
You reflexively headbutt those who attack you in melee.


Message History

No target in view!
No target in view!
No target in view!
No target in view!
No target in view!
No target in view!
No target in view!
No target in view!
No target in view!
No target in view!
No target in view!
No target in view!
No target in view!
Found a stone staircase leading up.
Natasha, Servant of Life and Death comes into view.
Natasha hisses angrily.
Natasha casts a spell.
You see here a ball python corpse.
Natasha stares at you and mumbles some strange words.
The magic dart hits you.
You see here a ball python corpse.
You closely miss Natasha.
Natasha stares at you and mumbles some strange words.
The magic dart hits you. Natasha claws you but does no damage.
You barely miss Natasha. Natasha claws you.
You closely miss Natasha. Natasha claws you but does no damage.
Natasha claws you.
Your shield and chain mail prevent you from hitting Natasha.
You block Natasha's attack.
The iron imp sputters.
You closely miss Natasha. You headbutt Natasha.
Natasha is moderately wounded.
You block Natasha's attack.
You barely miss Natasha.
Natasha is moderately wounded.
Natasha claws you but does no damage. The iron imp hits you!
* * * LOW HITPOINT WARNING * * *
Natasha growls.
Natasha claws you!
You die...

# ### ### ### # #####.#
#.######.# ## #.....#
#........# .# #.###.#
#.######.###### .# #.# #.#
#.####........# .#
#.###.####..5...#.####.#
.#####..........@h........#
...........#########.#.##.#
####################.#.##.#
.............#.##.#
#####...####.#.##.# #...#
#.#.##.# #...# #.#.##.#
#...# #.#.##.# #...# #.#
..#


You could see an iron imp (summoned) and Natasha.

Vanquished Creatures
  An endoplasm (D:1)
  4 giant cockroaches (D:1)
  4 hobgoblins (D:1)
  3 kobolds (D:1)
  3 ball pythons
  4 bats (D:1)
  6 rats (D:1)
25 creatures vanquished.

Notes
Turn   | Place    | Note
-------+----------+-------------------------------------------
     0 | D:1      | bilbop the Minotaur Fighter began the quest for the Orb.
     0 | D:1      | Reached XP level 1. HP: 19/19 MP: 0/0
   335 | D:1      | Reached XP level 2. HP: 26/27 MP: 1/1
  1061 | D:2      | Reached skill level 4 in Armour
  1092 | D:2      | Noticed Natasha
  1113 | D:2      | Slain by Natasha

Illustrated notes

Levels and vault maps discovered:
D:1:      mrwooster_arrival_arrow, layout_loops_ring, minmay_tetromino_s2
D:2:      layout_basic, serial_shops, shop, guppyfry_early_lair_pool,
          uniq_natasha

Skill      XL: |  1  2 |
---------------+-------+-----
Maces & Flails | 3 |  3.2
Armour         | 4 |  4.0
Fighting       | |  3.9
Shields        | |  3.9

Action                   || total
-------------------------++-------
Melee: Flail             ||    66
       Headbutt          ||     6
Armor: Scale mail        ||    26
       Chain mail        ||     6
Dodge: Dodged            ||    19
Block: Kite shield       ||    37

Table legend: (Time is in decaauts)
 A = Elapsed time spent in this place.
 B = Non-inter-level travel time spent in this place.
 C = Inter-level travel time spent in this place.
 D = Time resting spent in this place.
 E = Time spent auto-exploring this place.
 F = Levels seen in this place.
 G = Mean time per level.
                   A        B        C        D        E       F      G
               +--------+--------+--------+--------+--------+-----+--------+
         Total |   1144 |   1102 |     42 |      0 |    895 |   2 |  572.0 |
       Dungeon |   1144 |   1102 |     42 |      0 |    895 |   2 |  572.0 |
               +--------+--------+--------+--------+--------+-----+--------+

Top non-repeatable levels by time:
     D:1: 944 daAuts
     D:2: 199 daAuts
